 Dungeon Crawl Stone Soup version 0.19.1 (webtiles) character file.

84 CanadianGator the Cutter (level 4, 0/29 HPs)
             Began as a Kobold Berserker on Jan 10, 2017.
             Was a Believer of Trog.
             Slain by a frilled lizard (3 damage)
             ... on level 2 of the Dungeon.
             The game lasted 00:03:45 (1645 turns).

CanadianGator the Cutter (Kobold Berserker)         Turns: 1645, Time: 00:03:45

Health: 0/29       AC:  2    Str: 14    XL:     4   Next: 72%
Magic:  4/4        EV: 13    Int:  8    God:    Trog [**....]
Gold:   102        SH:  7    Dex: 15    Spells: 0 memorised, 3 levels left

rFire  . . .     SeeInvis .     k - +0 dagger
rCold  . . .     Gourm    .     b - +0 animal skin
rNeg   . . .     Faith    .     j - +0 shield
rPois  .         Spirit   .     (no helmet)
rElec  .         Reflect  .     (no cloak)
rCorr  .         Harm     .     (no gloves)
MR     .....                    (no boots)
Stlth  ++........               (no amulet)
                                (no ring)
                                (no ring)

@: no status effects
A: carnivore 3
a: Berserk, Trog's Hand, Burn Spellbooks, Renounce Religion


You were on level 2 of the Dungeon.
You worshipped Trog.
Trog was pleased with you.
You were completely stuffed.

You visited 1 branch of the dungeon, and saw 2 of its levels.

You collected 102 gold pieces.

Inventory:

Hand Weapons
 a - a +0 short sword
 k - a +0 dagger (weapon)
Armour
 b - a +0 animal skin (worn)
 j - a +0 shield (worn)
 n - a +0 cloak
Potions
 d - a potion of agility
 f - a potion of brilliance {unknown}
 g - 2 potions of invisibility
 h - a potion of heal wounds {unknown}
Comestibles
 c - 2 meat rations
 l - a beef jerky


   Skills:
 + Level 3.7 Fighting
 * Level 4.9 Short Blades
 + Level 1.9 Armour
 * Level 3.2 Dodging
 * Level 2.3 Stealth
 + Level 0.4 Shields


You had 3 spell levels left.
You didn't know any spells.

Dungeon Overview and Level Annotations

Branches:
Dungeon (2/15)

Altars:


Innate Abilities, Weirdness & Mutations

You are small and have problems with some larger weapons.
You are carnivorous and can eat meat at any time.


Message History

You start resting.
You start resting.
The frilled lizard seems to regain its courage.
As you read the scroll labeled EKEGIM BITONOL, it crumbles to dust.
You hear a loud clanging noise!
It was a scroll of noise.
As you read the scroll labeled QEEWEN SEHAED, it crumbles to dust.
It is a scroll of identify.
d - a potion of agility
As you read the scroll of identify, it crumbles to dust.
g - 2 potions of invisibility The frilled lizard bites you.
* * * LOW HITPOINT WARNING * * *
You are too injured to fight recklessly!
You are too injured to fight recklessly!
You are too injured to fight recklessly!
You are too injured to fight recklessly!
You hit the frilled lizard but do no damage.
The frilled lizard bites you.
You die...

.......
#...#
.....###
#.#.#
#..###
#)#.# #..#
####.#.###
#.##
#........#
##........#
#...l.....#
#l######.##
#@# .#
#....# .#
.....####
.. ...# ..
.# ... .s.


You could see a frilled lizard.

Vanquished Creatures
  A gnoll (D:1)
  3 adders (D:2)
  An ooze (D:1)
  A worm (D:2)
  A dart slug (D:1)
  2 leopard geckos
  2 giant cockroaches
  4 goblins
  4 hobgoblins
  4 jackals (D:1)
  2 ball pythons
  3 bats
  2 frilled lizards (D:1)
  3 kobolds
  4 rats
37 creatures vanquished.

Notes
Turn   | Place    | Note
-------+----------+-------------------------------------------
     0 | D:1      | CanadianGator the Kobold Berserker began the quest for the Orb.
     0 | D:1      | Reached XP level 1. HP: 14/14 MP: 1/1
    84 | D:1      | Reached XP level 2. HP: 12/19 MP: 2/2
   230 | D:1      | Reached skill level 1 in Stealth
   330 | D:1      | Reached XP level 3. HP: 13/23 MP: 3/3
  1025 | D:2      | Reached ** piety under Trog
  1079 | D:2      | Reached XP level 4. HP: 11/29 MP: 4/4
  1600 | D:2      | HP: 1/29 [hobgoblin/club (5)]
  1645 | D:2      | Slain by a frilled lizard

Skill      XL: |  1  2  3  4 |
---------------+-------------+-----
Stealth        | 1 2 |  2.3
Dodging        | 3 |  3.2
Fighting       | |  3.7
Short Blades   | |  4.9
Armour         | |  1.9
Shields        | |  0.4

Action                   |  1- 3 |  4- 6 || total
-------------------------+-------+-------++-------
Melee: Short sword       |    74 |       ||    74
       Dagger            |    15 |    74 ||    89
Invok: Berserk           |     3 |     1 ||     4
  Use: Scroll            |       |     4 ||     4
 Stab: Sleeping          |     2 |     2 ||     4
       Distracted        |     1 |       ||     1
  Eat: Chunk             |    10 |     5 ||    15
Armor: Animal skin       |     9 |     5 ||    14
Dodge: Dodged            |    59 |    22 ||    81
Block: Shield            |     8 |    25 ||    33
